 Dungeon Crawl Stone Soup version 0.31-a0-18-gea43df2a32 (webtiles) character file.

Game seed: 3132831481759941008

2070 IdlyInterested the Fighter (level 9, -3/75 (78) HPs)
             Began as a Demonspawn Wanderer on May 9, 2023.
             Slain by Psyche
             ... wielding a +4 dagger of chaos
              (6 damage)
             ... on level 8 of the Dungeon.
             The game lasted 00:28:33 (6370 turns).

IdlyInterested the Fighter (Demonspawn Wanderer)    Turns: 6370, Time: 00:28:34

HP:   -3/75 (78)    AC:  0    Str: 15      XL:     9   Next: 5%
MP:   12/12         EV: 20    Int: 13 (14) God:
Gold: 419           SH:  5    Dex: 13 (14) Spells: 12/12 levels left

rFire   . . .        a - melded +2 whip (drain)
rCold   . . .        (shield currently unavailable)
rNeg    . . .        I - melded +0 chain mail
rPois   .            (helmet currently unavailable)
rElec   .            B - melded scarf {repulsion}
rCorr   .            (gloves unavailable)
SInv    .            n - melded +0 pair of boots
Will    .....        w - amulet of reflection
Stlth   ++           G - melded ring of protection from fire
HPRegen 0.32/turn    M - melded ring of resist corrosion
MPRegen 0.13/turn

%: reflection, clarity
@: agile, lethally poisoned (-3 -> -6), pig-form, hasted and slowed, lightly
drained, very quick
A: fast, no casting, small, (molten scales 2), ignite blood 1, (demonic touch
3), (horns 1), clarity, deterioration 1
a: no special abilities


You were on level 8 of the Dungeon.
You were a filthy swine.
You visited 2 branches of the dungeon, and saw 10 of its levels.

You collected 419 gold pieces.

Inventory:

Hand Weapons
 a - a +2 whip of draining (melded)
 j - a +0 short sword
 p - a +0 rapier
 q - a +0 trident
 s - a +0 falchion
 t - a +0 war axe
 y - a +0 halberd of flaming
 D - a +0 morningstar
 L - a +3 flail
 N - a +2 whip of venom
Missiles
 b - 33 poisoned darts (quivered)
 m - 52 stones
 E - 7 boomerangs
Armour
 h - the +0 robe "Foeddet" {Harm rC- Dex+5}
   (You found it on level 4 of the Dungeon)

   Dex:       It affects your dexterity (+5).
   rC:        It makes you vulnerable to cold.
   Harm:      It increases damage dealt and taken.
 k - a +0 helmet
 n - a +0 pair of boots (melded)
 A - the +5 tower shield "Ron Zao" {rC+ rN+}
   (You found it on level 5 of the Dungeon)

   rC:        It protects you from cold.
   rN:        It protects you from negative energy.
 B - a scarf of repulsion (melded)
 I - a +0 chain mail (melded)
 K - a +0 plate armour
Jewellery
 v - an amulet of faith
 w - an amulet of reflection (around neck)
 G - a ring of protection from fire (melded)
 M - a ring of resist corrosion (melded)
Wands
 r - a wand of flame (17)
 F - a wand of light (11)
Scrolls
 c - 3 scrolls of blinking
 d - 6 scrolls of teleportation
 g - 2 scrolls of silence
 i - a scroll of poison {unknown}
 u - 4 scrolls of fear
 x - a scroll of immolation {unknown}
 C - a scroll of torment {unknown}
 H - a scroll of vulnerability {unknown}
 J - a scroll of noise {unknown}
Potions
 e - 2 potions of mutation
 o - a potion of brilliance
 z - a potion of lignification
 O - a potion of haste


   Skills:
 * Level 10.2 Fighting
 - Level 2.0 Throwing
 - Level 3.0 Armour
 - Level 3.0 Dodging
 - Level 1.0 Stealth
 - Level 1.0 Shields
 - Level 2.0 Spellcasting
 - Level 3.0 Necromancy
 - Level 3.0 Poison Magic
 - Level 2.0 Evocations


You had 12 spell levels left.
You didn't know any spells.
Your spell library contained the following spells:

 Spells                   Type           Power      Damage    Failure   Level
 Necrotise                Necr           36%        1d5       8%          1
 Kiss of Death            Conj/Necr      20%        2d7       14%         1
 Sting                    Tmut/Pois      20%        1d4       14%         1
 Beastly Appendage        Tmut           2%         N/A       26%         1
 Wereblood                Tmut           1%         N/A       36%         2
 Spider Form              Tmut/Pois      5%         N/A       38%         3
 Mephitic Cloud           Conj/Pois/Air  3%         N/A       45%         3
 Confusing Touch          Hex            1%         N/A       58%         3
 Inner Flame              Hex/Fire       1%         N/A       58%         3
 Stone Arrow              Conj/Erth      2%         3d7       58%         3
 Vhi's Electric Charge    Tloc/Air       2%         N/A       58%         3
 Volatile Blastmotes      Fire/Tloc      2%         2d10      58%         3
 Animate Dead             Necr           9%         N/A       58%         4
 Dispel Undead            Necr           9%         3d8       58%         4
 Animate Armour           Summ/Erth      2%         N/A       94%         4
 Cause Fear               Hex            0%         N/A       94%         4
 Flame Wave               Conj/Fire      1%         2d4       94%         4
 Fulminant Prism          Conj/Hex       0%         3d5       94%         4
 Arcjolt                  Conj/Air       0%         1d10      100%        5
 Yara's Violent Unravell  Hex/Tmut       0%         3d3       100%        5
 Conjure Ball Lightning   Conj/Air       0%         3x3d6     100%        6
 Dragon Form              Tmut           0%         N/A       100%        7
 Enfeeble                 Hex            0%         N/A       100%        7
 Orb of Destruction       Conj           0%         9d5       100%        7
 Discord                  Hex            0%         N/A       100%        8
 Disjunction              Tloc           0%         N/A       100%        8
 Lehudib's Crystal Spear  Conj/Erth      0%         10d2      100%        8
 Maxwell's Capacitive Co  Air            0%         ∞         100%        8
 Dragon's Call            Summ           0%         N/A       100%        9


Dungeon Overview and Level Annotations

Branches:
Dungeon (9/15)             Temple (1/1) D:6
   Lair: D:8-11         Orc: D:9-12

Altars:
Ashenzari
Cheibriados
Dithmenos
Gozag
Hepliaklqana
Makhleb
Nemelex Xobeh
Okawaru
Qazlal
Ru
Sif Muna
Trog
Vehumet
Xom
Yredelemnul

Shops:
D:2 :   D:6 =

Annotations:
D:8 Psyche


Innate Abilities, Weirdness & Mutations

You are a filthy swine.
You move quickly.
Your equipment is almost entirely melded.
You are incapable of wielding weapons or throwing items.
You cannot cast spells.
((You are mostly covered in molten scales. (AC +3)))
Your demonic aura sometimes causes spilled blood to erupt in flames.
((Your touch may irresistibly damage your foes and sap their willpower.))
((You have a pair of small horns on your head.))
You possess an exceptional clarity of mind.
Your body sometimes deteriorates upon taking damage.


Message History

A swirling arc of seething chaos appears!
The arc of chaos hits you. You block Psyche's attack.
You hit Psyche but do no damage.
Psyche is lightly wounded.
Psyche hits you with a +4 dagger of chaos!
Your body deteriorates!
You feel dopey.
You feel yourself speed up.
You hit Psyche.
Psyche is lightly wounded.
You block Psyche's attack.
You hit Psyche.
Psyche is lightly wounded.
Psyche mumbles some strange words.
A swirling arc of seething chaos appears!
The arc of chaos hits you.
You writhe in agony!
The arc of chaos hits you.
You hit Psyche but do no damage.
Psyche is lightly wounded.
Psyche casts a spell.
A swirling arc of seething chaos appears!
The arc of chaos hits you.
You feel drained.
* * * LOW HITPOINT WARNING * * *
You hit Psyche.
Psyche is moderately wounded.
Psyche hits you with a +4 dagger of chaos!
* * * LOW HITPOINT WARNING * * *
Your body deteriorates!
You feel clumsy.
You hit Psyche.
Psyche is moderately wounded.
Psyche gestures wildly while chanting.
Psyche flickers and vanishes!
Deactivating autopickup; reactivate with Ctrl-A.
Something barely misses you.
You feel as though your hastened speed will last longer.
Something hits you.
* * * LOW HITPOINT WARNING * * *
You are lethally poisoned!
You barely miss something.
* * * LOW HITPOINT WARNING * * *
You feel sick. Something hits you.
You die...

####.##.#.#.#
...........<###
......#.......
......#.....#
............#
............###
......{........ #.#h#
# #.# #.#.##.#
###.#### #......#
.......# ###'###...$
.##[##.# ##...## ##
.##.##.# ##.....#..
.#.....## ##.......#
.#......####.........#
...........'.........+


There were no monsters in sight!

Vanquished Creatures
  2 ice beasts (D:5)
  3 orc warriors
  2 ogres
  A centaur (D:8)
  A phantom (D:6)
  A kobold brigand (D:8)
  2 scorpions
  2 bullfrogs (D:8)
  3 killer bees (D:8)
  The ghost of Pimp the Ducker, a weakling MfGl (D:3)
  A howler monkey (D:6)
  4 hounds (D:5)
  4 jellies
  Crazy Yiuf (D:4)
  An orc priest (D:8)
  Ijyb (D:5)
  2 iguanas (D:6)
  3 orc wizards (D:5)
  3 gnolls (D:8)
  11 adders
  A white imp (D:6)
  2 ufetubi
  4 dart slugs
  46 orcs
  5 ball pythons
  7 endoplasms
  3 giant cockroaches
  7 goblins
  3 hobgoblins
  A jackal (D:3)
  16 kobolds
  A quokka (D:5)
  9 bats
  3 frilled lizards
  4 rats
161 creatures vanquished.

Vanquished Creatures (others)
  An orc (D:5)
1 creature vanquished.

Grand Total: 162 creatures vanquished

Notes
Turn   | Place    | Note
-------+----------+-------------------------------------------
     0 | D:1      | IdlyInterested the Demonspawn Wanderer began the quest for
                  | the Orb.
     0 | D:1      | IdlyInterested set off with the following items: a +0
                  | dagger, 15 poisoned darts, a scroll of blinking, a +0
                  | leather armour; and the following spells available to
                  | memorise: Necrotise, Sting, Mephitic Cloud, Animate Dead,
                  | Dispel Undead.
     0 | D:1      | Reached XP level 1. HP: 15/15 MP: 3/3
   325 | D:1      | Gained mutation: Your touch may inflict minor irresistible
                  | damage on your foes. [demonic ancestry]
   325 | D:1      | Reached XP level 2. HP: 22/22 MP: 5/5
   382 | D:1      | Reached skill level 2 in Fighting
   796 | D:2      | Found Ledwif's Vocational Training.
  1234 | D:2      | Gained mutation: You are partially covered in molten
                  | scales. (AC +2) [demonic ancestry]
  1234 | D:2      | Reached XP level 3. HP: 26/28 MP: 6/6
  1519 | D:3      | Reached skill level 3 in Fighting
  1802 | D:3      | Got Veudgh's Almanac of Ruinous Fever
  1823 | D:3      | Gained mutation: Your touch may inflict irresistible damage
                  | on your foes. [demonic ancestry]
  1823 | D:3      | Reached XP level 4. HP: 27/35 MP: 7/7
  1955 | D:3      | Found a runed translucent door.
  1955 | D:3      | Noticed Pimp's ghost (weakling MfGl)
  2453 | D:3      | Killed Pimp's ghost
  2454 | D:3      | Reached skill level 4 in Fighting
  2454 | D:3      | Reached skill level 1 in Stealth
  2522 | D:3      | Gained mutation: You have a pair of small horns on your
                  | head. [potion of mutation]
  2522 | D:3      | Gained mutation: Your body sometimes deteriorates upon
                  | taking damage. [potion of mutation]
  2522 | D:3      | Gained mutation: You possess an exceptional clarity of
                  | mind. [potion of mutation]
  2727 | D:4      | Noticed an ogre
  2737 | D:4      | Killed an ogre
  2738 | D:4      | Reached skill level 1 in Dodging
  2738 | D:4      | Gained mutation: Your touch may irresistibly damage your
                  | foes and sap their willpower. [demonic ancestry]
  2738 | D:4      | Reached XP level 5. HP: 19/43 MP: 8/8
  2830 | D:4      | Identified the +0 robe "Foeddet" {Harm rC- Dex+5}
  2999 | D:4      | Reached skill level 5 in Fighting
  3368 | D:4      | Found a runed translucent door.
  3369 | D:4      | Noticed Crazy Yiuf
  3380 | D:4      | Killed Crazy Yiuf
  3381 | D:4      | Reached XP level 6. HP: 31/51 MP: 9/9
  3499 | D:5      | Entered Level 5 of the Dungeon
  3681 | D:5      | Reached skill level 1 in Armour
  3767 | D:5      | Reached skill level 1 in Evocations
  3767 | D:5      | HP: 1/52 [acid (9)]
  3772 | D:5      | Reached skill level 6 in Fighting
  3954 | D:5      | Gained mutation: You are mostly covered in molten scales.
                  | (AC +3) [demonic ancestry]
  3954 | D:5      | Reached XP level 7. HP: 48/59 MP: 10/10
  4016 | D:5      | Noticed Ijyb
  4027 | D:5      | Killed Ijyb
  4204 | D:5      | Reached skill level 7 in Fighting
  4336 | D:5      | Identified the +5 tower shield "Ron Zao" {rC+ rN+}
  4770 | D:6      | Gained mutation: Your demonic aura sometimes causes spilled
                  | blood to erupt in flames. [demonic ancestry]
  4770 | D:6      | Reached XP level 8. HP: 68/68 MP: 11/11
  4774 | D:6      | Found a staircase to the Ecumenical Temple.
  4780 | D:6      | Reached skill level 8 in Fighting
  4787 | Temple   | Entered the Ecumenical Temple
  5262 | D:6      | Found Ysyips's Jewellery Shop.
  5619 | D:7      | You fall into a shaft and drop 2 floors!
  5697 | D:8      | Reached skill level 9 in Fighting
  6097 | D:8      | Reached skill level 1 in Shields
  6112 | D:8      | Reached skill level 10 in Fighting
  6112 | D:8      | Reached XP level 9. HP: 13/78 MP: 12/12
  6356 | D:8      | Noticed Psyche
  6370 | D:8      | HP: 3/75 [poisoned by Psyche]
  6370 | D:8      | Slain by Psyche

Illustrated notes

Levels and vault maps discovered:
D:1:      lemuel_arrival_river_bridge, layout_rooms, minmay_stone_trees_small,
          chequers_serial_rivers_marsh
D:2:      layout_loops_ring, dreamdust_wishing_well, minivault_27,
          nicolae_shop_vocational
D:3:      layout_basic, gammafunk_ghost_grave, minmay_quadrilaterals
D:4:      layout_basic, uniq_crazy_yiuf_cottage
D:5:      minmay_chambers_of_threes, layout_basic, uniq_ijyb
D:6:      layout_rooms, minmay_temple_entry_junction_2, serial_shops,
          kennysheep_little_box, chequers_serial_rivers_micro_a,
          grunt_decor_arrowhead
D:7:      layout_gridville, pdpol_wu_jian_five_deadly_venoms, ebering_ghost_xom,
          hangedman_glass_teeth, centaur_isle, uniq_duvessa
D:8:      layout_loops_corners, lemuel_zombie_altar_kikubaaqudgha,
          nicolae_overflow_crystal_walls, special_room [special_room_orc],
          uniq_erica, uniq_psyche
D:9:      layout_small_grid, mainiacjoe_overflow_cross_hatched,
          hangedman_minor_magic
Temple:   minmay_crystal_spiral_temple

Skill      XL: |  1  2  3  4  5  6  7  8 |
---------------+-------------------------+-----
Throwing       | 2 |  2.0
Fighting       | 2 3 4 5 6 7 10 | 10.2
Necromancy     | 3 |  3.0
Stealth        | 1 |  1.0
Dodging        | 1 2 3 |  3.0
Armour         | 1 2 3 |  3.0
Evocations     | 1 2 |  2.0
Shields        | 1 |  1.0
Spellcasting   | |  2.0
Poison Magic   | |  3.0

Action                     |  1- 3 |  4- 6 |  7- 9 || total
---------------------------+-------+-------+-------++-------
  Melee: Dagger            |    15 |       |       ||    15
         Short sword       |   111 |   125 |    54 ||   290
         Punch             |     2 |     1 |     3 ||     6
         Touch             |    17 |    25 |    56 ||    98
         Headbutt          |       |    21 |    43 ||    64
         Whip              |       |       |   177 ||   177
         Unarmed           |       |       |    11 ||    11
  Throw: Dart              |     4 |    11 |    19 ||    34
    Use: Scroll            |     3 |     3 |     2 ||     8
         Potion            |     2 |     3 |     4 ||     9
 Armour: Leather armour    |     8 |       |       ||     8
         Scale mail        |    52 |    29 |    63 ||   144
         Chain mail        |       |       |    65 ||    65
  Dodge: Dodged            |    58 |    40 |   106 ||   204
         Repelled          |       |       |     1 ||     1
  Block: Other             |       |    10 |    66 ||    76
         Reflection        |       |       |     4 ||     4

Table legend: (Time is in decaauts)
 A = Elapsed time spent in this place.
 B = Non-inter-level travel time spent in this place.
 C = Inter-level travel time spent in this place.
 D = Time resting spent in this place.
 E = Time spent auto-exploring this place.
 F = Levels seen in this place.
 G = Mean time per level.
                   A        B        C        D        E       F      G
               +--------+--------+--------+--------+--------+-----+--------+
         Total |   6398 |   5720 |    678 |   1007 |   2854 |  10 |  639.8 |
       Dungeon |   6181 |   5586 |    595 |   1007 |   2737 |   9 |  686.8 |
        Temple |    216 |    133 |     83 |      0 |    117 |   1 |  216.0 |
               +--------+--------+--------+--------+--------+-----+--------+

Top non-repeatable levels by time:
     D:5: 1135 daAuts
     D:3: 1110 daAuts
     D:4: 1043 daAuts
     D:2: 832 daAuts
     D:8: 727 daAuts
     D:1: 668 daAuts
     D:6: 610 daAuts
  Temple: 216 daAuts
     D:9: 33 daAuts
     D:7: 19 daAuts
